[Event "*** SCC Grand Prix: Titled Tuesday Blitz"]
[Site "Chess.com"]
[Date "2020.08.04"]
[Round "4"]
[White "arminmusovic"]
[Black "Cambek64"]
[Result "1/2-1/2"]
[WhiteElo "2509"]
[BlackElo "2368"]
[TimeControl "180+1"]
[EndTime "14:23:16 PDT"]
[Termination "Game drawn by repetition"]

1. a3 e5 2. Nc3 d5 3. d4 e4 4. Bf4 c6 5. f3 f5 6. Qd2 Nf6 7.
Nh3 Bd6 8. e3 O-O 9. Be2 Be6 10.
Bxd6 Qxd6 11. f4 Nbd7 12. Ng5 a5 13. Rg1 b5 14. Nd1 b4 15. Nf2 c5 16. g4 fxg4 17.
Nxe6 Qxe6 18. Nxg4 c4 19. axb4 axb4 20. Rxa8 Rxa8 21.
Nxf6+ Nxf6 22. Qxb4 Ra1+ 23. Kf2 Rxg1 24. Kxg1 Qh3 25.
Qb8+ Kf7 26. Qa7+ Kg6 27. Qa3 h5 28. Qc3 Ng4 29. Bxg4 Qxg4+ 30. Kf2 Qf3+ 31. Kg1 Qd1+ 32. Kf2 h4 33. Qe1 Qxc2+ 34. Qe2 Qxe2+ 35. Kxe2 Kf5 36. h3 Ke6 37. Kd2 Kd6 38. b3 cxb3 39. Kc3 Kc6 40. Kxb3 Kb5 41. f5 Ka5 42. Ka3 Kb5 43. Kb3 Ka5 44.
Ka3 Kb5 45. Kb3 1/2-1/2

[Event "*** SCC Grand Prix: Titled Tuesday Blitz"]
[Site "Chess.com"]
[Date "2020.08.04"]
[Round "4"]
[White "Firouzja2003"]
[Black "djano"]
[Result "1-0"]
[WhiteElo "3018"]
[BlackElo "2432"]
[TimeControl "180+1"]
[EndTime "14:23:17 PDT"]
[Termination "Firouzja2003 won on time"]

1. d4 g6 2. e4 Bg7 3. Nc3 a6 4. Be3 b5 5. f3 Bb7 6. Qd2 d6 7.
h4 h6 8. Nge2 Nd7 9. O-O-O Rc8 10. Kb1 c5 11. dxc5 Nxc5 12. Nf4 Nf6 13. e5 dxe5 14. Qxd8+ Rxd8 15. Rxd8+ Kxd8 16. Nxg6 fxg6 17. Bxc5 e4 18. Be2 exf3 19. gxf3 Kc7 20. Rg1 g5 21. hxg5 hxg5 22. Rxg5 Rh1+ 23. Rg1 Rxg1+ 24. Bxg1 Nd5 25. Bh2+ Kd7 26. Ne4 Bd4 27. Bf1 Ne3 28. Bh3+ Ke8 29. c3 Bb6 30. Be6 Bd5 31. Bxd5 Nxd5 32. Kc2 Kf7 33. Kd3 Kg6 34. a3 Kf5 35. b3 e5 36.
c4 bxc4+ 37. bxc4 Nf4+ 38. Bxf4 Kxf4 39. c5 Bc7 40. Ke2 Kf5 41. Nc3 Ba5 42. Nd5 Ke6 43.
Nb4 1-0

[Event "*** SCC Grand Prix: Titled Tuesday Blitz"]
[Site "Chess.com"]
[Date "2020.08.04"]
[Round "4"]
[White "kleopl"]
[Black "KyrgyzFighter"]
[Result "0-1"]
[WhiteElo "2455"]
[BlackElo "2313"]
[TimeControl "180+1"]
[EndTime "14:23:18 PDT"]
[Termination "KyrgyzFighter won by checkmate"]

1. c4 Nf6 2. Nc3 d6 3. g3 e5 4. Bg2 Nbd7 5. d3 Be7 6. e3 c6 7. Nge2 O-O 8. b4 a6 9. Rb1 Re8 10. O-O Nf8 11. a4 Qc7 12. b5 Bf5 13. e4 Bg6 14. h3 Ne6 15. f4 exf4 16. gxf4 Bh5 17. Qd2 Rad8 18. Ng3 Nd4 19. Qf2 d5 20. e5 Ne6 21. b6 Qc8 22. exf6 Bc5 23. Be3 d4 24. Nxh5 dxe3 25. Qe2 Nd4 26. Qg4 Qxg4 27. hxg4 e2 28. Rfe1 Nf3+ 29. Kh1 Nxe1 30. Rxe1 g6 31. Ng3 Bf2 32.
Rxe2 Bxg3 33. Ne4 Bxf4 34. Rf2 Be3 35. Rf3 Rxd3 36. Kh2 Rxe4 37. Rf1 Rxg4 38. Bf3 Rh4+ 39. Kg3 Rxc4 40. Ra1 Bxb6 41. Rb1 Bc7+ 42. Kf2 Rd2+ 43. Ke1 Rh2 44. Rxb7 Rc1+ 45. Bd1 Bg3+ 46. Kf1 Rxd1# 0-1

[Event "*** SCC Grand Prix: Titled Tuesday Blitz"]
[Site "Chess.com"]
[Date "2020.08.04"]
[Round "4"]
[White "Vadim_Biliy"]
[Black "biaf13"]
[Result "1-0"]
[WhiteElo "2241"]
[BlackElo "1968"]
[TimeControl "180+1"]
[EndTime "14:23:18 PDT"]
[Termination "Vadim_Biliy won by resignation"]

1. d4 Nf6 2. Nf3 g6 3. e3 Bg7 4. Be2 d6 5. O-O O-O 6. b4 Nbd7 7. Bb2 c5 8. bxc5 dxc5 9. c3 b6 10. Nbd2 Bb7 11. a4 Qc7 12. a5 bxa5 13. Qa4 Rab8 14. Rfb1 cxd4 15. cxd4 Rfc8 16. h3 e6 17. Bd3 Bxf3 18.
Nxf3 Nd5 19. Qxa5 Rb3 20. Qd2 Rcb8 21. Ba3 Rxb1+ 22. Rxb1 Rxb1+ 23. Bxb1 Qb6 24. Bd3 Bf8 25. Bxf8 Nxf8 26. Ne5 Nb4 27. Be4 Nd5 28. Bxd5 exd5 29. Qa2 Qb7 30. g4 Nd7 31. Nd3 Qb5 32. Qxa7 Qb1+ 33. Kg2 Qxd3 34. Qxd7 Qe4+ 35. Kh2 Kg7 36. Qd6 Qc2 37. Qe5+ Kg8 38. Kg2 Qc4 39. Kg3 h6 40. h4 Qa2 41. h5 gxh5 42. gxh5 Qb3 43. Kg4 Qc2 44. Qf4 Qd2 45. f3 Qg2+ 46. Kf5 Qg7 47. Qg4 Qxg4+ 48. fxg4 1-0

[Event "*** SCC Grand Prix: Titled Tuesday Blitz"]
[Site "Chess.com"]
[Date "2020.08.04"]
[Round "4"]
[White "Chessbard1972"]
[Black "Ermito2020"]
[Result "0-1"]
[WhiteElo "2323"]
[BlackElo "2675"]
[TimeControl "180+1"]
[EndTime "14:23:20 PDT"]
[Termination "Ermito2020 won on time"]

1. e4 e5 2. Nf3 Nc6 3. Bb5 a6 4. Ba4 Nf6 5. d3 b5 6. Bb3 Bc5 7. c3 d6 8. h3 h6 9. O-O O-O 10. a4 Rb8 11. axb5 axb5 12. Be3 Bxe3 13. fxe3 Ne7 14.
Nbd2 Ng6 15. d4 Be6 16. Qc2 Qe7 17. Ra7 Rfc8 18. Rfa1 Bxb3 19. Qxb3 exd4 20. exd4 Nxe4 21. Nxe4 Qxe4 22. Re1 Qf5 23. Rf1 Nf4 24. Qd1 Re8 25. Nh4 Qg5 26. Qg4 Qxg4 27. hxg4 Nd5 28. Nf5 Re2 29. Rf2 Rbe8 30. Rb7 Re1+ 31. Kh2 R8e2 32. Rxe2 Rxe2 33. Rxb5 Nf4 34. Kg3 Nxg2 35. Kf3 Rc2 36. Rb8+ Kh7 37. Rb7 Ne1+ 38. Ke4 Re2+ 39. Kd5 g6 40. Ng3 Rg2 41. Ne4 Kg7 42. Rxc7 Rxg4 43. Nxd6 Rf4 44. b4 h5 45. b5 h4 0-1

[Event "*** SCC Grand Prix: Titled Tuesday Blitz"]
[Site "Chess.com"]
[Date "2020.08.04"]
[Round "4"]
[White "BernardoRoselli"]
[Black "ahachess"]
[Result "1-0"]
[WhiteElo "2467"]
[BlackElo "2270"]
[TimeControl "180+1"]
[EndTime "14:23:20 PDT"]
[Termination "BernardoRoselli won on time"]

1. d4 d5 2. c4 e6 3. Nc3 c6 4. e4 dxe4 5. Nxe4 Bb4+ 6. Nc3 e5 7.
Nf3 exd4 8. Nxd4 Nf6 9. Be2 O-O 10. O-O Qa5 11. Qc2 Bg4 12. Bxg4 Nxg4 13. h3 Nf6 14. Be3 Nbd7 15. Rad1 Rfe8 16. Nb3 Qc7 17. a3 Bd6 18. Qf5 Be5 19. Nd4 a6 20. Nf3 Bd6 21. b4 Rad8 22.
c5 Bf8 23. Bf4 Qc8 24. Rfe1 Nb6 25. Qxc8 Nxc8 26. Rxe8 Rxd1+ 27. Nxd1 Nxe8 28. Ne3 b6 29. cxb6 Nxb6 30. Ne5 c5 31. bxc5 Bxc5 32. N3c4 Nxc4 33. Nxc4 f6 34. Kf1 Kf7 35. Ke2 Ke6 36. f3 Kd5 37.
Kd3 g5 38. Be3 Be7 39. a4 Nd6 40. Nxd6 Bxd6 41. g4 h6 42. Bd4 Be7 43. Bb2 Bd8 44. Ba3 1-0

[Event "*** SCC Grand Prix: Titled Tuesday Blitz"]
[Site "Chess.com"]
[Date "2020.08.04"]
[Round "4"]
[White "elcandado"]
[Black "AndrewDGreen"]
[Result "0-1"]
[WhiteElo "2577"]
[BlackElo "2404"]
[TimeControl "180+1"]
[EndTime "14:23:20 PDT"]
[Termination "AndrewDGreen won by checkmate"]

1. d4 Nf6 2. Bf4 g6 3. e3 Bg7 4. Be2 d6 5. Nf3 O-O 6. O-O c5 7. c3 Nh5 8. Bg5 h6 9. Bh4 g5 10. Nfd2 cxd4 11. cxd4 Nf4 12. Bg3 Nxe2+ 13. Qxe2 Nc6 14.
Nc3 e5 15. d5 Ne7 16. e4 f5 17.
f3 Qb6+ 18. Bf2 Qxb2 19. Nb5 Rd8 20. Qd3 fxe4 21. fxe4 Qb4 22. Rfb1 Qa5 23. Nc4 Qa4 24.
a3 Bd7 25. Rb4 Bxb5 26. Rxa4 Bxa4 27. Qc3 Rac8 28. Qb4 Bd7 29. Nxd6 Rc2 30. Nxb7 Rf8 31.
Bc5 Rf4 32. Bxe7 Rff2 33. Bc5 Rxg2+ 34. Kf1 Bh3 35. Ke1 Rge2+ 36. Kd1 Rxh2 37. Bg1 Bg4+ 38. Ke1 Rhe2+ 39. Kd1 Rg2+ 40. Ke1 Rxg1# 0-1

[Event "*** SCC Grand Prix: Titled Tuesday Blitz"]
[Site "Chess.com"]
[Date "2020.08.04"]
[Round "4"]
[White "OK97"]
[Black "LyonBeast"]
[Result "1-0"]
[WhiteElo "2816"]
[BlackElo "3022"]
[TimeControl "180+1"]
[EndTime "14:23:22 PDT"]
[Termination "OK97 won by resignation"]

1. Nf3 d5 2. e3 Nf6 3. c4 e6 4. b3 Be7 5. Bb2 O-O 6. Nc3 c5 7. cxd5 exd5 8. d4 Nc6 9. Be2 Be6 10. O-O a6 11. dxc5 Bxc5 12. Rc1 Ba7 13. Na4 Qe7 14. Nd4 Bd7 15. Nxc6 Bxc6 16. Bd4 Bxa4 17. bxa4 Bxd4 18. Qxd4 Rac8 19. Rfd1 h6 20. Qb2 Rfd8 21. Bf3 Rxc1 22. Rxc1 Ne4 23. h3 g6 24. Rb1 Rd7 25. Rd1 h5 26.
Qd4 Nf6 27. g4 hxg4 28. hxg4 Rc7 29. Qf4 Rc4 30. Rd4 Rc1+ 31. Kg2 Kg7 32. Bxd5 Nxd5 33. Rxd5 Qh4 34. Qd4+ Kh7 35. Kf3 Qh1+ 36. Kf4 Qh2+ 37. Kf3 Rc2 38. e4 Qh3+ 39. Kf4 Qh2+ 40. Kf3 Rc3+ 41.
Ke2 Qh3 42. Rd8 Qf3+ 43. Kd2 1-0

[Event "*** SCC Grand Prix: Titled Tuesday Blitz"]
[Site "Chess.com"]
[Date "2020.08.04"]
[Round "4"]
[White "vesalhamedinia"]
[Black "Sekar24"]
[Result "0-1"]
[WhiteElo "2281"]
[BlackElo "2460"]
[TimeControl "180+1"]
[EndTime "14:23:22 PDT"]
[Termination "Sekar24 won by checkmate"]

1. d4 Nf6 2. c4 e6 3. Nf3 d5 4.
Nc3 Bb4 5. Qa4+ Nc6 6. e3 O-O 7.
Be2 Ne4 8. Qc2 f5 9. O-O Bd6 10. h3 Nxc3 11. bxc3 Kh8 12. a4 b6 13. cxd5 exd5 14.
c4 Nb4 15. Qc3 dxc4 16. Bxc4 Bb7 17. Ne5 Bxe5 18. dxe5 Qg5 19. e4 Qe7 20. exf5 Rxf5 21. e6 Nd5 22. Qg3 Raf8 23. Ba3 c5 24. Bc1 Qxe6 25. Bb2 Qh6 26. Rae1 Rg5 27. Qh2 Nf4 28. f3 Rxg2+ 29. Qxg2 Nxg2 30. Kxg2 Qg6+ 31. Kh2 Qc2+ 32. Re2 Qxc4 33. Rfe1 Qf4+ 34. Kg1 Qxf3 35. Be5 Qh1# 0-1

[Event "*** SCC Grand Prix: Titled Tuesday Blitz"]
[Site "Chess.com"]
[Date "2020.08.04"]
[Round "4"]
[White "Alexander_Moskalenko"]
[Black "MPGM"]
[Result "1-0"]
[WhiteElo "2803"]
[BlackElo "2540"]
[TimeControl "180+1"]
[EndTime "14:23:23 PDT"]
[Termination "Alexander_Moskalenko won on time"]

1. c4 e6 2. Nf3 d5 3. g3 dxc4 4. Bg2 a6 5. Na3 Bxa3 6. bxa3 Nf6 7. Qc2 O-O 8. Qxc4 Nc6 9. Bb2 Re8 10. O-O e5 11. d3 Be6 12. Qh4 Bg4 13. h3 Bh5 14. Rac1 Qd6 15. Qc4 Rab8 16. Rfd1 Re7 17. g4 Bg6 18. d4 e4 19. Ne5 Nd8 20. Qb3 c6 21. a4 Qd5 22. Qa3 Re8 23. e3 Ne6 24. Bf1 Qd8 25.
Bg2 Nd5 26. Bc3 Ng5 27. Be1 f6 28. Nxg6 hxg6 29. Rc5 f5 30. Qb3 Qd7 31. Rdc1 fxg4 32. hxg4 Nf3+ 33. Kf1 Qxg4 34. Rxd5 cxd5 35. Qxd5+ Kh7 36.
Rc5 b6 37. Rc6 Rbd8 38. Qc4 Nh2+ 39. Kg1 Nf3+ 40. Kf1 Rf8 41. Bb4 1-0

[Event "*** SCC Grand Prix: Titled Tuesday Blitz"]
[Site "Chess.com"]
[Date "2020.08.04"]
[Round "4"]
[White "wild_cat99"]
[Black "guillembaches"]
[Result "0-1"]
[WhiteElo "2656"]
[BlackElo "2414"]
[TimeControl "180+1"]
[EndTime "14:23:23 PDT"]
[Termination "guillembaches won on time"]

1. Nf3 d5 2. e3 c5 3. c4 d4 4.
b4 dxe3 5. fxe3 cxb4 6. d4 Nf6 7. Bd3 e6 8. O-O Be7 9. a3 bxa3 10. Bxa3 O-O 11. Nc3 Nc6 12. d5 exd5 13. cxd5 Bxa3 14.
Rxa3 Qe7 15. Nb5 Nb4 16. Bc4 Bd7 17. d6 Qe4 18. Nd2 Qc2 19. Nc7 Rad8 20. Qxc2 Nxc2 21. Rc3 Nb4 22. Rb1 a5 23. e4 Ng4 24. Nf3 Nc6 25.
Rxb7 Nge5 26. Bd5 Nxf3+ 27. gxf3 Ne5 28. f4 Ng6 29. f5 Nf4 30. Ba2 Bc8 31. Kf2 Bxb7 32.
Ke3 Nh5 33. e5 Kh8 34. Rc5 Bc8 35. Bb1 Nf6 36. exf6 gxf6 37. Rxa5 Rxd6 38. Kf4 Kg7 39. Nd5 Rfd8 40. Ne7 Rd4+ 41. Ke3 Rd1 42. Bc2 R1d2 43. Nxc8 Rxc2 0-1

[Event "*** SCC Grand Prix: Titled Tuesday Blitz"]
[Site "Chess.com"]
[Date "2020.08.04"]
[Round "4"]
[White "Azerichess"]
[Black "ElGasanov"]
[Result "0-1"]
[WhiteElo "3004"]
[BlackElo "2790"]
[TimeControl "180+1"]
[EndTime "14:23:24 PDT"]
[Termination "ElGasanov won on time"]

1. d4 e6 2. c4 Bb4+ 3. Nc3 d5 4. Nf3 Nf6 5. Qa4+ Nc6 6. e3 O-O 7. Bd2 Re8 8. Qc2 dxc4 9. Bxc4 Bd6 10. a3 a6 11. h3 b5 12. Bd3 e5 13. Ne4 Bb7 14.
O-O-O exd4 15. exd4 Nxd4 16. Nxf6+ Qxf6 17. Nxd4 Qxd4 18. Bxh7+ Kh8 19. Be3 Qc4 20. Rd4 Qxc2+ 21.
Bxc2 g6 22. Rg1 Kg7 23. g4 Bc5 24. Rd3 Bxe3+ 25. fxe3 Re7 26. Kd2 c5 27. Rd6 Rae8 28. Rg3 Re6 29. Rxe6 Rxe6 30. h4 a5 31. h5 b4 32. hxg6 fxg6 33. g5 Rd6+ 34. Ke1 c4 35. Bd1 c3 36. bxc3 bxa3 37. Bb3 Rb6 38. Bc4 Ba6 39.
Bd5 Rb5 40. Be6 Rb1+ 41. Kd2 a2 0-1

[Event "*** SCC Grand Prix: Titled Tuesday Blitz"]
[Site "Chess.com"]
[Date "2020.08.04"]
[Round "4"]
[White "Rodalquilar"]
[Black "spicycaterpillar"]
[Result "0-1"]
[WhiteElo "2647"]
[BlackElo "2993"]
[TimeControl "180+1"]
[EndTime "14:23:25 PDT"]
[Termination "spicycaterpillar won on time"]

1. d4 Nf6 2. Bf4 c5 3. e3 d5 4. Nf3 Nc6 5. Nbd2 cxd4 6. exd4 Bg4 7. c3 e6 8. Qb3 Bd6 9. Bxd6 Qxd6 10. Bb5 O-O 11.
Bxc6 bxc6 12. Qb4 Qxb4 13. cxb4 Bxf3 14. Nxf3 Rfb8 15. a3 a5 16. Kd2 Ne4+ 17. Ke3 axb4 18. axb4 Rxa1 19. Rxa1 f6 20. Ra4 Kf7 21. Nd2 Nd6 22.
Kd3 e5 23. f3 Ke6 24. b3 h5 25. dxe5 fxe5 26. Ra6 Kd7 27. Ra7+ Rb7 28. Ra4 g5 29. h3 Ke6 30. g3 Nf5 31. g4 Nd6 32. Ra6 hxg4 33.
hxg4 Kd7 34. Ra4 Nb5 35. Ra6 Kd6 36. Ra4 Nd4 37. Ra6 Rxb4 38. Kc3 Rb7 39. b4 Rf7 40. Kd3 Nxf3 41. Nb3 e4+ 42. Ke3 Ne5 43. Na5 Nxg4+ 44. Kd4 Ne5 45. Nxc6 Nxc6+ 0-1

[Event "*** SCC Grand Prix: Titled Tuesday Blitz"]
[Site "Chess.com"]
[Date "2020.08.04"]
[Round "4"]
[White "amintabatabaei"]
[Black "Zubrrr"]
[Result "1-0"]
[WhiteElo "2965"]
[BlackElo "2634"]
[TimeControl "180+1"]
[EndTime "14:23:25 PDT"]
[Termination "amintabatabaei won on time"]

1. e4 c5 2. Nf3 d6 3. d4 cxd4 4. Nxd4 Nf6 5. Nc3 a6 6. Be3 e6 7. Be2 Qc7 8. g4 b5 9. g5 Nfd7 10. a3 Bb7 11. f4 Nb6 12. Qd2 N8d7 13. O-O-O Nc5 14. Bxb5+ axb5 15. Ndxb5 Qc6 16. Nxd6+ Bxd6 17. Qxd6 Nca4 18. Nxa4 Nxa4 19. Qxc6+ Bxc6 20. Bd4 Bxe4 21. Rhe1 Bf5 22. Bxg7 Rg8 23. Bf6 Rc8 24. Re2 Nc5 25.
Kb1 Ne4 26. Be5 Bg4 27. Rxe4 Bxd1 28. c3 f5 29. Rd4 Bb3 30. Rb4 Bd5 31. b3 Kd7 32. c4 Be4+ 33. Kb2 Kc6 34. a4 Rgd8 35.
a5 Rd2+ 36. Ka3 Rxh2 37. Rb6+ Kd7 38. a6 Rh3 39. Rb7+ Ke8 40. Ka4 Bc6+ 41. Kb4 Bxb7 42. axb7 Kd7 43. c5 1-0

[Event "*** SCC Grand Prix: Titled Tuesday Blitz"]
[Site "Chess.com"]
[Date "2020.08.04"]
[Round "4"]
[White "Sven_Tica"]
[Black "Bigfish1995"]
[Result "0-1"]
[WhiteElo "2637"]
[BlackElo "2982"]
[TimeControl "180+1"]
[EndTime "14:23:30 PDT"]
[Termination "Bigfish1995 won on time"]

1. d4 d5 2. c4 e6 3. Nf3 Nf6 4. g3 Bb4+ 5. Bd2 Be7 6. Bg2 O-O 7. O-O Nbd7 8. Qc2 c6 9. Bf4 b6 10. Nc3 Ba6 11. cxd5 exd5 12. Rfd1 Re8 13. Rac1 Bf8 14. Ne5 Bb7 15. e4 c5 16. exd5 cxd4 17. Nc6 Qc8 18.
Nb5 d3 19. Qxd3 Nc5 20. Qc2 Nce4 21. Nc7 Bc5 22. Nxe8 Qxe8 23. Re1 Bxf2+ 24. Qxf2 Nxf2 25. Rxe8+ Rxe8 26. Kxf2 h6 27. d6 Kh7 28. Ne5 Bxg2 29. Kxg2 g5 30. d7 Nxd7 31. Nxd7 Re7 32. Rc7 Re2+ 33. Kf3 Rxb2 34. Be5 Rxa2 35. Nf6+ Kg6 36. Ne4 Ra3+ 37. Kg2 Kf5 38. Bb2 Ra2 39. Nd6+ Ke6 40. Nc4 b5 41. Kh3 bxc4 42. Bg7 h5 43. Rxc4 Kf5 44.
Rc5+ Kg6 45. Bd4 g4+ 0-1

[Event "*** SCC Grand Prix: Titled Tuesday Blitz"]
[Site "Chess.com"]
[Date "2020.08.04"]
[Round "4"]
[White "alexrustemov"]
[Black "FMJoseHerrera"]
[Result "0-1"]
[WhiteElo "2727"]
[BlackElo "2507"]
[TimeControl "180+1"]
[EndTime "14:23:30 PDT"]
[Termination "FMJoseHerrera won on time"]

1. d4 f6 2. e4 g6 3. h4 h5 4.
Ne2 d6 5. Nf4 Kf7 6. Bc4+ Kg7 7.
Be6 Nc6 8. d5 Ne5 9. Nc3 Nh6 10.
Be3 Kh7 11. Bxc8 Qxc8 12. Ne6 Nhg4 13. Bd4 Bh6 14. Qe2 c5 15. Bxe5 Nxe5 16. g3 a6 17.
a4 b6 18. Kf1 Rb8 19. Kg2 Rg8 20. Nd1 a5 21. f4 Ng4 22. Nf2 f5 23. Nxg4 fxg4 24. Rhf1 Bg7 25. c3 Qd7 26. f5 Bf6 27. fxg6+ Rxg6 28. Rf5 Rh6 29. Qc4 Kh8 30. Nf4 b5 31.
axb5 Qxb5 32. Qxb5 Rxb5 33. Ra2 Be5 34. Nxh5 Kh7 35.
Nf4 Rf6 36. Rxf6 Bxf6 37. Nd3 Kh6 38. Kf2 Kh5 39. Ke3 Be5 40. Nxe5 dxe5 41. Kd3 Kg6 42. Kc4 Rb8 43. Kxc5 Kf6 44. c4 Rb3 45. Rxa5 Rxg3 46. Ra6+ Kf7 47. Re6 Rh3 48. Rxe5 Rxh4 49. Rf5+ Kg6 50.
Rf4 Kg5 51. Rf8 g3 52. e5 Rg4 53. d6 exd6+ 54. exd6 g2 55. d7 g1=Q+ 56. Kc6 Rxc4+ 57. Kb7 Qg2+ 58. Kb8 Qxb2+ 0-1

[Event "*** SCC Grand Prix: Titled Tuesday Blitz"]
[Site "Chess.com"]
[Date "2020.08.04"]
[Round "4"]
[White "Koalaskakistis"]
[Black "PauloCesarCosta_sad"]
[Result "1-0"]
[WhiteElo "2498"]
[BlackElo "2226"]
[TimeControl "180+1"]
[EndTime "14:23:35 PDT"]
[Termination "Koalaskakistis won on time"]

1. d4 d5 2. c4 c6 3. Nc3 e6 4.
cxd5 exd5 5. Nf3 Nf6 6. Bg5 Be7 7. e3 O-O 8. Bd3 Re8 9. Qc2 Nbd7 10. O-O-O Nf8 11.
h3 Qa5 12. Kb1 b5 13. Ne5 Bb7 14. Ne2 Rac8 15. Nc1 c5 16. Nb3 Qb6 17. Bxf6 cxd4 18. Qd2 Bxf6 19. exd4 Bxe5 20. dxe5 Rxe5 21. Rhe1 Rxe1 22.
Rxe1 Ne6 23. Bf5 Rd8 24. Bxe6 fxe6 25. Nd4 e5 26. Rxe5 Qg6+ 27. Ka1 Qxg2 28. a4 bxa4 29. Qe3 Qg6 30. Re7 Bc8 31. Qc3 Re8 32. Nc6 Bxh3 33. Qe5 Be6 34. Qc7 Rc8 35. Qd6 Re8 36. Qc7 Rc8 37.
Qd6 Re8 38. Rc7 Bf7 39. Qe5 Qg1+ 40. Ka2 1-0

[Event "*** SCC Grand Prix: Titled Tuesday Blitz"]
[Site "Chess.com"]
[Date "2020.08.04"]
[Round "4"]
[White "onnoelgersma"]
[Black "Roza_Idrisova"]
[Result "1-0"]
[WhiteElo "2456"]
[BlackElo "2243"]
[TimeControl "180+1"]
[EndTime "14:23:36 PDT"]
[Termination "onnoelgersma won on time"]

1. e4 c6 2. Nf3 d5 3. Nc3 a6 4.
d4 Bg4 5. h3 Bh5 6. Be3 e6 7.
Be2 Nf6 8. e5 Nfd7 9. O-O Be7 10. Nd2 Bg6 11. Bd3 Bxd3 12. cxd3 O-O 13. f4 f5 14. a4 c5 15. Nf3 Nc6 16. Qb3 Rb8 17. Ne2 Na5 18. Qd1 c4 19. Nc3 cxd3 20. Qxd3 Nc4 21. b3 Na5 22. Rac1 Qb6 23. Rb1 Rfc8 24. Nd2 Qb4 25. Ne2 Nc6 26. g4 g6 27. Kg2 Qb6 28. Rbc1 Nb4 29. Qb1 Qd8 30. Ng3 Rxc1 31. Rxc1 Rc8 32. Nf3 Rxc1 33. Qxc1 Nf8 34. Ng5 Qd7 35. Ne2 h6 36. Nf3 Qc6 37. Kg3 Kf7 38. Bd2 Qxc1 39. Nxc1 Nc6 40. Nd3 Nd7 41. Bc3 b5 42. axb5 axb5 43. h4 b4 44. Bb2 Ndb8 45.
h5 gxh5 46. gxf5 exf5 47. Nd2 Na6 48. Nf1 h4+ 49. Kh3 Kg6 50. Ne3 Nc7 51. Ne1 Ne6 52.
Nxd5 Bd8 53. Nf3 Kh5 54. Ba1 1-0

[Event "*** SCC Grand Prix: Titled Tuesday Blitz"]
[Site "Chess.com"]
[Date "2020.08.04"]
[Round "4"]
[White "BillCoe"]
[Black "tptagain"]
[Result "0-1"]
[WhiteElo "2139"]
[BlackElo "2943"]
[TimeControl "180+1"]
[EndTime "14:23:40 PDT"]
[Termination "tptagain won on time"]

1. e4 c5 2. Nf3 Nc6 3. Bb5 Na5 4.
c3 a6 5. Ba4 b5 6. Bc2 g6 7. d4 cxd4 8. cxd4 Bg7 9. O-O Nf6 10. h3 O-O 11. Nc3 Bb7 12. e5 Nd5 13. Re1 Rc8 14. Nxd5 Bxd5 15. Be4 Bxe4 16. Rxe4 d6 17. e6 f5 18. Re2 Nc6 19. d5 Ne5 20. Nd4 f4 21. Re4 f3 22. g3 Qb6 23. Bf4 Rc4 24. b3 Rxd4 25. Qxd4 Qxd4 26. Rxd4 Nc6 27. Rdd1 Bxa1 28. Rxa1 Nb4 29. Rd1 Rf5 30. a3 Nxd5 31.
Bh6 Nc7 32. Rc1 Nxe6 33. Rc8+ Kf7 34. Ra8 g5 35. h4 gxh4 36. gxh4 Rh5 37. Be3 d5 38.
Rxa6 d4 39. Bd2 Re5 40. a4 Re2 41. Bb4 bxa4 42. bxa4 Rb2 43. Ba3 Rb3 44. Bc1 Rb1 45. Rc6 Nf4 46. Kh2 Nd3 47. Bg5 Nxf2 48. Rc7 Ng4+ 49.
Kg3 f2 50. Rxe7+ Kf8 0-1

[Event "*** SCC Grand Prix: Titled Tuesday Blitz"]
[Site "Chess.com"]
[Date "2020.08.04"]
[Round "4"]
[White "chessuriel"]
[Black "Mazanchenko_Dmitry"]
[Result "1-0"]
[WhiteElo "2274"]
[BlackElo "2108"]
[TimeControl "180+1"]
[EndTime "14:23:43 PDT"]
[Termination "chessuriel won on time"]

1. e4 c5 2. Nf3 d6 3. d4 Nf6 4.
Nc3 cxd4 5. Nxd4 Nc6 6. Bc4 e6 7. Be3 a6 8. Qe2 Qc7 9. Bb3 Bd7 10. O-O-O O-O-O 11. f3 Kb8 12. Qf2 Nxd4 13. Bxd4 Rc8 14. g4 b5 15. g5 Ne8 16. Bb6 Qb7 17. a3 d5 18. exd5 Bxa3 19. dxe6 Bxe6 20. Nd5 Bd6 21. f4 g6 22. Rhe1 Nc7 23. Nxc7 Bxc7 24. Bxc7+ Qxc7 25. Bxe6 fxe6 26. Rxe6 Rhf8 27. Rb6+ Ka8 28. Rxa6+ Kb8 29.
Rb6+ Ka8 30. Rdd6 Rf7 31. Ra6+ Kb8 32. Rdb6+ Qb7 33. Rxb7+ Rxb7 34. Rb6 Rc7 35. Rxb7+ Kxb7 36. Qf3+ Kb6 37. Qd5 Rc5 38. Qd4 Kc6 39. h4 Rc4 40.
Qf6+ Kd5 41. Qe5+ Kc6 42. h5 gxh5 43. f5 h4 44. g6 hxg6 45. fxg6 h3 46. g7 Rg4 47.
Qe6+ Kc5 48. Qxg4 h2 49. Qg2 Kb4 50. Qxh2 Ka4 51. g8=Q b4 52. Qc4 Ka5 53. Qe5+ 1-0

[Event "*** SCC Grand Prix: Titled Tuesday Blitz"]
[Site "Chess.com"]
[Date "2020.08.04"]
[Round "4"]
[White "effefe"]
[Black "The_Machine04"]
[Result "1-0"]
[WhiteElo "2105"]
[BlackElo "2238"]
[TimeControl "180+1"]
[EndTime "14:23:45 PDT"]
[Termination "effefe won on time"]

1. d4 d6 2. c4 e5 3. d5 f5 4. Nc3 Nf6 5. e3 Be7 6. Nf3 O-O 7. Be2 Nbd7 8. Bd2 a5 9. Qc2 Nc5 10. O-O-O Bd7 11. h3 a4 12. Rdg1 c6 13. g4 Nfe4 14.
Be1 Nxc3 15. Bxc3 cxd5 16. cxd5 b5 17. Nd2 Rc8 18. a3 f4 19. Bd3 Nxd3+ 20. Qxd3 Be8 21.
e4 Bd7 22. f3 Qb6 23. Kb1 Rc7 24. Rc1 Rfc8 25. Bb4 Bd8 26. Rxc7 Rxc7 27. Rc1 Rxc1+ 28. Kxc1 Qb8 29. Nb1 Bb6 30. Nc3 Bd4 31. Ne2 Be3+ 32. Kb1 Kf7 33. Qc3 Ke7 34. Ba5 Qc8 35. Bc7 Bc5 36. Ba5 Kf6 37. Nxf4 Bd4 38. Qxc8 Bxc8 39. Bd8+ Kf7 40. Ne2 Bc5 41. Kc2 b4 42. axb4 Bxb4 43. Nc3 a3 44. bxa3 Bxa3 45. Nb5 Bc5 46. Kb3 Ke8 47.
Ba5 Ba6 48. Nc7+ Kd7 49. Nxa6 Be3 50. Nb4 Bc5 51. Kc4 g6 52. Nd3 1-0

[Event "*** SCC Grand Prix: Titled Tuesday Blitz"]
[Site "Chess.com"]
[Date "2020.08.04"]
[Round "4"]
[White "Hrant_ChessMood"]
[Black "Lagmantr"]
[Result "1-0"]
[WhiteElo "2862"]
[BlackElo "2645"]
[TimeControl "180+1"]
[EndTime "14:23:48 PDT"]
[Termination "Hrant_ChessMood won by resignation"]

1. d4 d5 2. c4 e6 3. Nf3 c6 4. e3 Nf6 5. Bd3 Nbd7 6. O-O Bd6 7. Nbd2 O-O 8. e4 dxe4 9. Nxe4 Nxe4 10. Bxe4 Nf6 11.
Bc2 c5 12. Bg5 b6 13. Qd3 Re8 14. Rad1 h6 15. dxc5 Bxh2+ 16. Kxh2 Qxd3 17. Bxd3 hxg5 18. c6 e5 19. Nxg5 e4 20. Be2 Bg4 21. Bxg4 Nxg4+ 22. Kg3 Ne5 23. Nxe4 Nxc6 24. Rfe1 Nb4 25. a3 Nc2 26. Re2 Rac8 27. f3 f5 28. Nf6+ gxf6 29. Rxc2 Kf7 30. Kf4 Kg6 31. Rd5 Rc5 32. b4 Rxd5 33.
cxd5 Rd8 34. Rd2 b5 35. Rd1 Rd7 36. d6 a6 37. Rd2 Kg7 38. Kxf5 Kf7 39. g4 Rd8 40. d7 Ke7 41. f4 Kf7 42. Rd6 Ke7 43. Rxa6 Rxd7 44. Re6+ Kf7 45. Rxf6+ Kg7 46. Re6 Rf7+ 47. Kg5 Ra7 48. Re5 Rxa3 49. Rxb5 Rb3 50. Rb7+ Kf8 51. f5 Rf3 52. Kf6 Kg8 53. g5 Re3 54. Rb8+ Kh7 55. g6+ 1-0

[Event "*** SCC Grand Prix: Titled Tuesday Blitz"]
[Site "Chess.com"]
[Date "2020.08.04"]
[Round "4"]
[White "Gareth-Bale11"]
[Black "hansen"]
[Result "0-1"]
[WhiteElo "2770"]
[BlackElo "3000"]
[TimeControl "180+1"]
[EndTime "14:23:49 PDT"]
[Termination "hansen won by checkmate"]

1. d4 Nf6 2. c4 e6 3. Nf3 b6 4. Nc3 Bb4 5. Bg5 Bb7 6. e3 h6 7. Bh4 g5 8. Bg3 Ne4 9. Nd2 Bxc3 10. bxc3 Nxg3 11. hxg3 d6 12. Rh2 Nd7 13. Be2 Nf6 14.
a4 e5 15. a5 Kf8 16. Qc2 Kg7 17. g4 Qe7 18. Nf1 Be4 19. Qc1 c5 20. d5 bxa5 21. Ng3 Bg6 22. f3 h5 23. e4 h4 24.
Nf1 Nd7 25. Rxa5 Rhb8 26. Ne3 f6 27. Kf2 Rb7 28. Rh1 a6 29. Qa3 Rb6 30. Ra1 Qd8 31. Bd1 h3 32. gxh3 Rab8 33. Be2 Qh8 34. Kg2 Qh4 35.
Qc1 Rh8 36. Qh1 Ra8 37. R1a2 Kf8 38. Qg1 Ke8 39. Qf2 Qh8 40. Bd1 Nf8 41. Ba4+ Kd8 42. Bc6 Ra7 43. Nc2 Be8 44. Rxc5 Ng6 45. Bxe8 Nf4+ 46.
Kh1 Qxh3+ 47. Kg1 Rb1+ 48. Ne1 Rh7 49. Rc8+ Kxc8 50. Bh5 Rxh5 51. gxh5 Qxh5 52. Qa7 Rxe1+ 53. Kf2 Qh4# 0-1